 Dungeon Crawl Stone Soup version 0.17.1-3-g152610e (webtiles) character file.

13334 inmateoo the Grappler (level 11, -17/107 HPs)
             Began as a Troll Monk on Feb 19, 2016.
             Was a Believer of Okawaru.
             Killed from afar by an ice statue (22 damage)
             ... with a bolt of cold
             ... in an ice cave.
             The game lasted 00:20:48 (9620 turns).

inmateoo the Grappler (Troll Monk)                  Turns: 9620, Time: 00:20:48

Health: -17/107    AC:  7    Str: 24    XL:     11   Next: 74%
Magic:  14/14      EV: 12    Int: 11    God:    Okawaru [**....]
Gold:   2293       SH:  0    Dex: 12    Spells: 1 memorised, 17 levels left

rFire  . . .     SeeInvis .       - Unarmed
rCold  . . .     Clarity  +     T - troll hide
rNeg   . . .     SustAt   .     (no shield)
rPois  +         Gourm    +     (helmet restricted)
rElec  .         Spirit   .     p - +1 cloak
rCorr  .         Warding  .     (gloves unavailable)
rMut   .         Stasis   .     (boots unavailable)
MR     ++...                    y - amulet of regeneration
Stlth  +.........               R - ring of Udyos {rPois Int+5}
                                U - ring of protection from magic

@: very slightly contaminated, very resistant to hostile enchantments, very
unstealthy
A: unfitting armour, claws 3, hooves 1, berserk 1, blink, breathe flames 1,
clarity, fast metabolism 3, gourmand, low mp 1, magic resistance 1, regeneration
2, shaggy fur 1, tough skin 2
a: Blink, Heroism, Renounce Religion, Breathe Fire


You were in an ice cave.
You worshipped Okawaru.
Okawaru was pleased with you.
You were very full.

You visited 1 branch of the dungeon, and saw 11 of its levels.
You also visited: Trove, Ossuary and Ice Cave.

You collected 2293 gold pieces.

Inventory:

Missiles
 t - 9 large rocks (quivered)
Armour
 a - a +0 robe
 p - a +1 cloak (worn)
 T - a troll hide (worn)
Jewellery
 h - an uncursed amulet of clarity
 m - an uncursed ring of magical power
 u - an uncursed ring of teleportation
 w - an uncursed amulet of resist mutation
 y - an amulet of regeneration (around neck)
 R - the ring of Udyos (right claw) {rPois Int+5}
   (You found it in a treasure trove)

   [ring of poison resistance]

   It affects your intelligence (+5).
   It protects you from poison.
 S - the ring of Equilibrium {Fire Int+4 Dex+6}
   (You found it in a treasure trove)

   [ring of fire]

   It enhances your fire magic, and weakens your ice magic.
   It affects your intelligence (+4).
   It affects your dexterity (+6).
   It protects you from fire.
   It makes you vulnerable to cold.
 U - a ring of protection from magic (left claw)
Wands
 d - a wand of polymorph (10)
 r - a wand of magic darts (11)
 v - a wand of lightning (5)
 C - a wand of frost (19)
 G - a wand of draining (15)
 J - a wand of polymorph (7)
 N - a wand of disintegration (8)
 Q - a wand of fire (0)
Scrolls
 c - 2 scrolls of immolation
 f - 4 scrolls of magic mapping
 g - 5 scrolls of remove curse
 j - a scroll of recharging
 o - 4 scrolls of teleportation
 q - a scroll of blinking
Potions
 e - a potion of curing
 i - 4 potions of might
 k - a potion of brilliance
 l - 2 potions of lignification
 s - 3 potions of heal wounds
 x - a potion of flight
 H - 3 potions of berserk rage
 I - 3 potions of ambrosia {unknown}
 K - a potion of resistance {unknown}
 L - a potion of invisibility {unknown}
 M - 2 potions of poison {unknown}
 O - a potion of cancellation {unknown}
 P - a potion of haste {unknown}
Books
 E - a book of Cantrips

   Spells                             Type                      Level
   a - Corona                         Hexes                        1
   b - Animate Skeleton               Necromancy                   1
   c - Summon Small Mammal            Summoning                    1
   d - Apportation                    Translocation                1
 V - a book of Annihilations

   Spells                             Type                      Level
   a - Poison Arrow                   Conjuration/Poison           6
   b - Chain Lightning                Conjuration/Air              8
   c - Lehudib's Crystal Spear        Conjuration/Earth            8
   d - Glaciate                       Conjuration/Ice              9
   e - Fire Storm                     Conjuration/Fire             9
Comestibles
 b - 11 bread rations
 n - 9 slices of pizza
 z - 5 fruits
 B - 3 royal jellies
 D - 6 beef jerkies
 F - 5 meat rations


   Skills:
 + Level 6.4 Fighting
 + Level 5.8 Throwing
 + Level 5.8 Armour
 + Level 7.0 Dodging
 - Level 1.1 Stealth
 * Level 11.1 Unarmed Combat
 + Level 4.1 Spellcasting
 + Level 2.0 Invocations


You had 17 spell levels left.
You knew the following spells:

 Your Spells              Type           Power        Failure   Level  Hunger
a - Apportation           Tloc           #.........   28%         1    #......


Dungeon Overview and Level Annotations

Branches:
Dungeon (11/15)            Temple (0/1) D:4            Lair (0/8) D:9
    Orc (0/4) D:9

Altars:
Cheibriados
Elyvilon
Gozag
Nemelex Xobeh
Okawaru
Ru
Vehumet
The Shining One

Shops:
D:9 }

Annotations:
IceCv exclusion: 2 ice statues


Innate Abilities, Weirdness & Mutations

You are too large for most types of armour.
You have claws for hands.
Your metabolism is lightning-fast.
You like to eat raw meat.
You heal very quickly.
You are covered in fur (AC +1).
You have very tough skin (AC +2).
You have large cloven feet.
You tend to lose your temper in combat.
You can translocate small distances at will.
You can breathe flames.
You possess an exceptional clarity of mind.
Your magical capacity is low (-10% MP).
You are resistant to hostile enchantments.


Message History

The ice beast hits you but does no damage.
The ice beast completely misses you.
Drink which item? (? for menu, Esc to quit)
You feel much better. The ice beast closely misses you.
The ice beast closely misses you. The ice beast completely misses you.
The ice statue throws cold at you. The freezing blast engulfs you!
The ice statue throws ice at you. The shard of ice misses you.
You are engulfed in freezing vapours.
* * * LOW HITPOINT WARNING * * *
The ice beast hits you but does no damage.
The ice beast hits you.
* * * LOW HITPOINT WARNING * * *
The ice beast freezes you.
* * * LOW HITPOINT WARNING * * *
The ice statue glitters chillingly in the dim dungeon light.
The ice statue throws cold at you. The bolt of cold hits you!
You die...

.Y. ###8###
##.....##
##.......##
#...§.....#
#...§§§§.§#
#....§§.§§#
#...§YY§..#
#8..§@Y...#
#####.#####
#.(.....(.#
#.........#
#.........#
#.........#
#.........#
##.......##
##.....##


You could see 2 ice statues and 3 ice beasts.

Vanquished Creatures
  An unseen horror (D:11)
  2 hill giants (D:11)
  Pikel (D:4)
  An ice statue (IceCv)
  6 trolls
  The ghost of Yermak the Covert, a novice SpSk of Yredelemnul (D:6)
  Edmund (D:4)
  A two-headed ogre (D:9)
  A deep elf mage (D:10)
  4 hippogriffs
  A human (D:7)
  Grum (D:8)
  4 wolves
  11 yaks
  2 water moccasins
  3 sky beasts
  5 orc warriors
  7 ice beasts
  2 phantoms
  A necrophage (D:9)
  8 ogres
  A centaur (D:7)
  7 big kobolds (D:9)
  A crocodile (D:9)
  4 gnoll sergeants
  6 giant frogs
  3 killer bees (D:9)
  9 scorpions
  An electric eel (D:9)
  11 hounds
  3 centaur zombies
  A giant frog zombie (D:9)
  A crimson imp (D:5)
  An iguana (D:6)
  2 quasits (D:8)
  5 orc priests
  2 jellies
  A centaur skeleton (D:10)
  3 orc wizards
  6 worker ants
  3 big kobold zombies (Ossuary)
  3 sheep (D:7)
  5 mummies (Ossuary)
  12 adders
  14 gnolls
  5 shadow imps
  An ooze (D:6)
  An adder zombie (D:8)
  4 worms
  5 giant geckos
  22 orcs
  A ball python (D:6)
  8 bats
  3 giant cockroaches
  5 hobgoblins
  19 kobolds
  A giant gecko zombie (D:7)
  5 giant newts
  9 goblins
  3 goblin skeletons (D:4)
  A goblin zombie (D:4)
  3 hobgoblin zombies (Ossuary)
  13 jackals
  A kobold zombie (D:4)
  2 quokkas (D:9)
  6 rats
287 creatures vanquished.

Vanquished Creatures (others)
  2 slaves (D:4)
  2 crimson imps (D:4)
  A worker ant (D:4)
  Robin (D:4)
  An adder (D:4)
  A worm (D:4)
  4 goblins (D:4)
  2 hobgoblins (D:4)
  A ball python (D:4)
  2 kobold zombies (D:4)
  2 orc zombies (D:4)
19 creatures vanquished.

Grand Total: 306 creatures vanquished

Notes
Turn   | Place    | Note
--------------------------------------------------------------
     0 | D:1      | inmateoo the Troll Monk began the quest for the Orb.
     0 | D:1      | Reached XP level 1. HP: 22/22 MP: 0/0
   212 | D:1      | Reached XP level 2. HP: 29/29 MP: 1/1
   928 | D:2      | Reached XP level 3. HP: 36/36 MP: 2/2
  1267 | D:2      | Reached XP level 4. HP: 35/44 MP: 3/3
  1457 | D:3      | Reached skill level 1 in Armour
  1457 | D:3      | Reached skill level 5 in Unarmed Combat
  1472 | D:3      | Reached XP level 5. HP: 29/52 MP: 4/4
  1748 | D:3      | Found an iron altar of Okawaru.
  1925 | D:3      | Became a worshipper of Warmaster Okawaru
  1925 | D:3      | Reached * piety under Okawaru
  1925 | D:3      | Reached ** piety under Okawaru
  2064 | D:3      | Found a radiant altar of Vehumet.
  2143 | D:3      | You fall through a shaft for 3 floors!
  2181 | D:6      | Found a white marble altar of Elyvilon.
  2208 | D:6      | Noticed a phantom
  2256 | D:6      | Killed a phantom
  2256 | D:6      | Reached skill level 1 in Throwing
  2256 | D:6      | Reached XP level 6. HP: 35/61 MP: 5/5
  2309 | D:6      | Noticed Yermak's ghost (novice SpSk)
  2330 | D:6      | Killed Yermak's ghost
  2330 | D:6      | Reached skill level 6 in Unarmed Combat
  2330 | D:6      | Reached skill level 1 in Spellcasting
  2330 | D:6      | Reached XP level 7. HP: 58/67 MP: 4/7
  2490 | D:6      | Noticed a sky beast
  2500 | D:6      | Killed a sky beast
  2505 | D:6      | Gained mutation: Your magical capacity is low (-10% MP). [mutagenic meat]
  2506 | D:6      | Gained mutation: You have a pair of small horns on your head. [mutagenic meat]
  2507 | D:6      | Gained mutation: You can translocate small distances at will. [mutagenic meat]
  2509 | D:6      | Gained mutation: You have large cloven feet. [mutagenic meat]
  2917 | D:6      | Found a snail-covered altar of Cheibriados.
  3202 | D:5      | Entered Level 5 of the Dungeon
  3279 | D:5      | Reached XP level 8. HP: 78/78 MP: 8/8
  3412 | D:5      | Reached *** piety under Okawaru
  3417 | D:5      | Reached skill level 7 in Unarmed Combat
  3693 | D:4      | Noticed Pikel
  3705 | D:4      | Killed Pikel
  3752 | D:4      | Noticed Edmund
  3755 | D:4      | Found a glowing golden altar of the Shining One.
  3778 | D:4      | Killed Edmund
  4026 | D:4      | Found a sacrificial altar of Ru.
  4125 | D:4      | Killed Robin
  4211 | D:4      | Found a staircase to the Ecumenical Temple.
  4975 | D:7      | Reached XP level 9. HP: 50/85 MP: 7/10
  4987 | D:7      | Reached **** piety under Okawaru
  5372 | D:7      | Reached skill level 8 in Unarmed Combat
  5833 | D:8      | Found an opulent altar of Gozag.
  5839 | D:8      | Received a gift from Okawaru
  5839 | D:8      | Reached skill level 5 in Dodging
  5944 | D:8      | Found a sand-covered staircase.
  5950 | Ossuary  | Entered an ossuary
  6126 | D:8      | Found a sparkling altar of Nemelex Xobeh.
  6253 | D:8      | Gained mutation: Your flesh is heat resistant. [potion of mutation]
  6253 | D:8      | Gained mutation: You tend to lose your temper in combat. [potion of mutation]
  6253 | D:8      | Gained mutation: Your body sometimes deteriorates upon taking damage. [potion of mutation]
  6254 | D:8      | Gained mutation: You can spit weak poison. [potion of mutation]
  6254 | D:8      | Gained mutation: You are resistant to hostile enchantments. [potion of mutation]
  6255 | D:8      | Lost mutation: You can spit weak poison. [potion of mutation]
  6447 | D:8      | Reached skill level 5 in Fighting
  6469 | D:8      | Noticed Grum
  6488 | D:8      | Killed Grum
  6488 | D:8      | Reached skill level 9 in Unarmed Combat
  6492 | D:8      | Received a gift from Okawaru
  6535 | D:8      | Reached XP level 10. HP: 90/96 MP: 12/12
  6594 | D:9      | Found Reycwu's Gadget Shop.
  6736 | D:9      | Received a gift from Okawaru
  6844 | D:9      | Found a staircase to the Orcish Mines.
  6907 | D:8      | Reached ***** piety under Okawaru
  7138 | D:9      | Received a gift from Okawaru
  7145 | D:9      | Gained mutation: You possess an exceptional clarity of mind. [mutagenic meat]
  7146 | D:9      | Gained mutation: You can breathe flames. [mutagenic meat]
  7471 | D:9      | Reached skill level 5 in Armour
  7471 | D:9      | Reached skill level 10 in Unarmed Combat
  7493 | D:9      | Lost mutation: Your body sometimes deteriorates upon taking damage. [mutagenic meat]
  7494 | D:9      | Lost mutation: You have a pair of small horns on your head. [mutagenic meat]
  7495 | D:9      | Lost mutation: Your flesh is heat resistant. [mutagenic meat]
  7510 | D:9      | Reached skill level 5 in Throwing
  7528 | D:9      | Received a gift from Okawaru
  7721 | D:9      | Found a staircase to the Lair.
  7871 | D:10     | Entered Level 10 of the Dungeon
  7922 | D:10     | Found a portal to a secret trove of treasure.
  7991 | D:10     | Reached XP level 11. HP: 105/105 MP: 13/13
  8005 | Trove    | Entered a treasure trove
  8023 | Trove    | Got a smoking iron ring
  8031 | Trove    | Got a steaming bronze ring
  8097 | D:10     | Identified the ring of Udyos {rPois Int+5} (You found it in a treasure trove)
  8099 | D:10     | Identified the ring of Equilibrium {Fire Int+4 Dex+6} (You found it in a treasure trove)
  8865 | D:11     | Found a frozen archway.
  8911 | D:11     | Killed an unseen horror
  8945 | D:11     | Noticed a hill giant
  8945 | D:11     | Noticed a hill giant
  8966 | D:11     | Killed a hill giant
  8969 | D:11     | Killed a hill giant
  8969 | D:11     | Reached skill level 1 in Invocations
  9118 | D:11     | Learned a level 1 spell: Apportation
  9175 | D:11     | Reached skill level 11 in Unarmed Combat
  9194 | IceCv    | Entered an ice cave
  9620 | IceCv    | HP: 5/107 [ice beast[an ice statue] (5)]
  9620 | IceCv    | Killed from afar by an ice statue

Action                   |  1- 3 |  4- 6 |  7- 9 | 10-12 || total
-------------------------+-------+-------+-------+-------++-------
Melee: Unarmed           |   108 |   104 |   326 |   498 ||  1036
Throw: Large rock        |       |       |       |     8 ||     8
Invok: Heroism           |       |     1 |     3 |     6 ||    10
Evoke: Wand              |       |       |       |     3 ||     3
  Use: Scroll            |       |       |    23 |     5 ||    28
       Potion            |       |       |     3 |     4 ||     7
 Stab: Sleeping          |     1 |     2 |     2 |       ||     5
  Eat: Chunk             |    16 |    10 |    43 |    40 ||   109
